 Dungeon Crawl Stone Soup version 0.29-a0-303-ge4682ce883 (webtiles) character file.

Game seed: 7921516739886477326

46 Gargoyl the Skirmisher (level 3, -3/24 HPs)
             Began as a Gargoyle Abyssal Knight on Mar 25, 2022.
             Was a Believer of Lugonu.
             Slain by Natasha (5 damage)
             ... on level 2 of the Dungeon.
             The game lasted 00:01:42 (1383 turns).

Gargoyl the Skirmisher (Gargoyle Abyssal Knight)    Turns: 1383, Time: 00:01:42

Health: -3/24      AC:  6    Str: 18    XL:     3   Next: 68%
Magic:  4/4        EV: 11    Int: 10    God:    Lugonu [**....]
Gold:   84         SH:  5    Dex: 10    Spells: 2/2 levels left

rFire   . . .      SeeInvis .   g - +2 short sword (freeze)
rCold   . . .      Faith    .   (no shield)
rNeg    + . .      Spirit   .   b - +0 leather armour
rPois   ∞          Reflect  +   (no helmet)
rElec   +          Harm     .   (no cloak)
rCorr   .          Rampage  .   (no gloves)
Will    .....                   (no boots)
Stlth   +.........              e - amulet of reflection
HPRegen 0.08/turn               (no ring)
MPRegen 0.09/turn               (no ring)

@: no status effects
A: sickness immunity, AC +3, negative energy resistance 1, electricity
resistance, torment resistance 1, petrification resistance
a: Renounce Religion, Depart the Abyss, Bend Space


You were on level 2 of the Dungeon.
You worshipped Lugonu.
Lugonu was pleased with you.
You visited 1 branch of the dungeon, and saw 2 of its levels.
You visited the Abyss 1 time.

You collected 84 gold pieces.

Inventory:

Hand Weapons
 a - a +1 hand axe
 g - a +2 short sword of freezing (weapon)
Armour
 b - a +0 leather armour (worn)
Jewellery
 e - an amulet of reflection (around neck)
Scrolls
 c - 2 scrolls of identify
 d - a scroll of brand weapon {unknown}
 f - 3 scrolls of immolation {unknown}


   Skills:
 + Level 4.3 Fighting
 + Level 2.2 Axes
 + Level 2.2 Armour
 + Level 1.0 Dodging
 + Level 0.1 Shields
 + Level 2.1 Invocations


You had 2 spell levels left.
You didn't know any spells.
Your spell library contained the following spells:

 Spells                   Type           Power      Damage    Failure   Level
 Call Canine Familiar     Summ           0%         N/A       80%         3
 Portal Projectile        Hex/Tloc       0%         N/A       80%         3
 Leda's Liquefaction      Hex/Erth       0%         N/A       99%         4


Dungeon Overview and Level Annotations

Branches:
Dungeon (2/15)

Altars:

Annotations:
D:2 Natasha


Innate Abilities, Weirdness & Mutations

You are immune to sickness and miasma.
Your stone body is resilient. (AC +3)
You are immune to poison.
You resist negative energy. (rN+)
You are resistant to electric shocks. (rElec)
You are resistant to unholy torment.
You are immune to petrification.


Message History

You barely resist. Natasha claws you.
You barely miss Natasha.
Natasha is moderately wounded.
The shadow imp gestures at you. Pain shoots through your body!
Natasha mumbles some strange words.
You closely miss Natasha.
Natasha is moderately wounded.
The shadow imp gestures at you.
You barely resist. Natasha claws you but does no damage.
The white imp gestures at you. The puff of frost hits you.
* * * LOW HITPOINT WARNING * * *
You barely miss Natasha.
Natasha is moderately wounded.
The shadow imp hits you but does no damage.
Natasha closely misses you.
You miss Natasha.
Natasha is moderately wounded.
The shadow imp barely misses you. Natasha barely misses you.
The white imp barely misses you.
Unknown command.
You aren't carrying any potions.
You aren't carrying any potions.
Okay, then.
You hit Natasha. You freeze Natasha.
Natasha is severely wounded.
The shadow imp hits you.
* * * LOW HITPOINT WARNING * * *
Natasha mumbles some strange words.
You block the white imp's attack.
The shadow imp shouts, "Embrace thy dedition, thou odious mumble-news mammet!"
The shadow imp hits you but does no damage.
Natasha completely misses you.
The shadow imp attacks as you move away!
The shadow imp hits you.
* * * LOW HITPOINT WARNING * * *
The white imp attacks as you move away! The white imp misses you.
Natasha attacks as you move away! Natasha claws you.
You die...

#...####'##########.#
..................# #.#
+#...####..........###.##
........#................
#.......#............####
#.......#<...†.........#
#.............####.....##
....>.........##.........
.......5@.....##)#<....#.
......†h5.....##.#####.#.
.......5......## .#
..............# ..
#.[...........# .##
########......# #......#
#......# #.!....#


You could see Natasha, a white imp (summoned) and 2 shadow imps.

Vanquished Creatures
  An adder (D:2)
  A worm (D:2)
  A dart slug (D:2)
  4 bats (D:1)
  An endoplasm (D:1)
  A giant cockroach (D:1)
  2 goblins (D:1)
  4 hobgoblins
  4 jackals
  2 quokkas
  A frilled lizard (D:1)
  4 kobolds
  3 rats
29 creatures vanquished.

Notes
Turn   | Place    | Note
-------+----------+-------------------------------------------
     0 | Abyss:1  | Gargoyl the Gargoyle Abyssal Knight began the quest for the
                  | Orb.
     0 | Abyss:1  | Reached XP level 1. HP: 14/14 MP: 2/2
     0 | Abyss:1  | Found a corrupted altar of Lugonu.
     9 | Abyss:1  | Found an opulent altar of Gozag.
   101 | Abyss:1  | Noticed a wretched star
   102 | D:1      | Escaped the Abyss
   148 | D:1      | Found a faded altar of an unknown god.
   158 | D:1      | Reached XP level 2. HP: 19/20 MP: 3/3
   377 | D:1      | Reached skill level 1 in Dodging
   846 | D:2      | Reached skill level 4 in Fighting
   959 | D:2      | Reached XP level 3. HP: 24/24 MP: 4/4
  1369 | D:2      | Noticed Natasha
  1383 | D:2      | Slain by Natasha

Illustrated notes

Levels and vault maps discovered:
D:1:      erik_arrival_blinker_ship, layout_loops_ring,
          hellmonk_ecumenical_altar_pennies_from_heaven
D:2:      layout_basic, hangedman_glass_teeth, uniq_natasha

Skill      XL: |  1  2 |
---------------+-------+-----
Axes           | 2 |  2.2
Dodging        | 1 |  1.0
Fighting       | 4 |  4.3
Armour         | |  2.2
Shields        | |  0.1
Invocations    | |  2.1

Action                   || total
-------------------------++-------
Melee: Hand axe          ||    52
       Short sword       ||    35
       Punch             ||     2
Invok: Depart the Abyss  ||     1
  Use: Scroll            ||     3
Armor: Leather armour    ||    37
Dodge: Dodged            ||    62
Block: Other             ||    22

Table legend: (Time is in decaauts)
 A = Elapsed time spent in this place.
 B = Non-inter-level travel time spent in this place.
 C = Inter-level travel time spent in this place.
 D = Time resting spent in this place.
 E = Time spent auto-exploring this place.
 F = Levels seen in this place.
 G = Mean time per level.
                   A        B        C        D        E       F      G
               +--------+--------+--------+--------+--------+-----+--------+
         Total |   1398 |   1331 |     67 |      0 |   1063 |   3 |  466.0 |
       Dungeon |   1295 |   1228 |     67 |      0 |    964 |   2 |  647.5 |
         Abyss |    102 |    102 |      0 |      0 |     98 |   1 |  102.0 |
               +--------+--------+--------+--------+--------+-----+--------+

Top non-repeatable levels by time:
     D:1: 746 daAuts
     D:2: 549 daAuts
 Abyss:1: 102 daAuts
